[Event "FIDE WSCC 65 2022"]
[Site "Assisi"]
[Date "2022.11.23"]
[Round "8.1"]
[White "Kristiansen, Jens"]
[Black "Nunn, John D M"]
[Result "1-0"]
[ECO "D03"]
[WhiteElo "2353"]
[BlackElo "2580"]
[Annotator "TA"]
[PlyCount "48"]
[EventDate "2022.11.14"]
[EventType "swiss"]
[EventCountry "ITA"]
[SourceTitle "playchess.com"]
[Source "ChessBase"]
[SourceQuality "1"]
[TimeControl "40/5400+30:1800+30"]

1. Nf3 Nf6 2. d4 g6 3. Bg5 Bg7 4. Nbd2 d5 5. e3 O-O 6. Bd3 c5 7. c3 Qb6 8. Qb3 {[%emt 0:02:51] [#]} Qe6 $146 {[%emt 0:02:11] D03: 1 d4 d5 2 Nf3 Nf6 3 Bg5, including Torre Attack with early ...d5.} ({Predecessor:} 8... c4 9. Qxb6 axb6 10. Bc2 Bf5 11. Bxf6 Bxf6 12. e4 dxe4 13. Bxe4 Bxe4 14. Nxe4 Nd7 15. Ke2 b5 16. Nfd2 {1-0 (55) Murzin,V (2505)-Chigaev,M (2643) Chess.com INT 2021}) 9. c4 (9. Bxf6 {simplifies} c4 10. Bxg7 cxb3 11. Bxf8 Kxf8 12. axb3 Qb6 13. b4) 9... cxd4 10. Nxd4 Qg4 {[%emt 0:00:20][%csl LRg2,LRg5] The position is equal.} 11. Bxf6 Qxg2 (11... Bxf6 $15 12. cxd5 Qxg2) 12. Bxg7 $1 $14 Qxh1+ 13. Ke2 {[%emt 0:00:10] The board is on fire.} Qxa1 14. Bxf8 Kxf8 $4 {[%emt 0:00:09][%mdl 8192] [#] Black cannot hold the game after this.} (14... e5 $1 $11 15. Nb5 Kxf8 16. cxd5 Na6) 15. Bb1 $1 $18 Bg4+ 16. f3 Bf5 17. Nxf5 gxf5 18. Qxb7 ({Less strong is} 18. cxd5 Na6 $16) 18... dxc4 19. Bxf5 {[%emt 0:06:27][%mdl 64] [#]} ({Weaker is} 19. Qxa8 Qxb2 20. Bxf5 (20. Qxa7 c3 $11) 20... c3 $14) 19... Kg7 {[%emt 0:03:42] White is clearly winning.} 20. Nxc4 Qg1 21. Qxa8 {[%emt 0:01:46] Active counter play!} Qxh2+ 22. Kd3 Na6 (22... Qc7 $142 23. Qe4 e6 24. Bxh7 Nd7) 23. Qxa7 Nb4+ 24. Kc3 Qg1 {[%emt 0:45:49] Weighted Error Value: White=0.05 (flawless) /Black=0.57} 1-0

[Event "FIDE WSCC 65 2022"]
[Site "Assisi"]
[Date "2022.11.23"]
[Round "8.2"]
[White "Bogdanov, Valentin"]
[Black "Knaak, Rainer"]
[Result "0-1"]
[ECO "E20"]
[WhiteElo "2323"]
[BlackElo "2457"]
[Annotator "TA"]
[PlyCount "125"]
[EventDate "2022.11.14"]
[EventType "swiss"]
[EventCountry "ITA"]
[SourceTitle "playchess.com"]
[Source "ChessBase"]
[SourceQuality "1"]
[TimeControl "40/5400+30:1800+30"]

1. d4 d5 2. c4 e6 3. Nc3 Bb4 4. Nf3 dxc4 5. g3 Nf6 6. Bg2 O-O 7. O-O Nc6 8. e3 Rb8 9. Qe2 {[%emt 0:08:48] E20: Nimzo-Indian: 4 g3 and 4 f3.} b5 10. Rd1 a6 (10... Nd5 $5 11. Bd2 Nxc3 12. bxc3 Ba3 $11) 11. e4 {[%emt 0:09:27] The position is equal.} Bb7 {[%emt 0:06:24] [#]} 12. Bg5 $146 ({Predecessor:} 12. Bf4 Na5 13. Ne1 Re8 14. g4 Bf8 15. g5 Nd7 16. Qg4 b4 17. Ne2 Bd6 18. Nc2 {0-1 (36) Nilssen,J (2274)-Bekker Jensen,S (2438) Denmark 2015}) 12... h6 {[%emt 0:06:56] Against e5} 13. Bxf6 (13. d5 $11 exd5 14. Nxd5 hxg5 15. Nxb4) 13... Qxf6 $17 14. e5 Qe7 15. Ne4 Rfd8 16. Rac1 Ba5 17. Nc5 {[%emt 0:07:00] [#]} Nb4 (17... Nxd4 $1 $19 18. Nxd4 Qxc5 19. Bxb7 Rxd4 20. Rxd4 Qxd4) 18. Nxb7 (18. a3 $1 $15 Nd5 19. Nd2) 18... Rxb7 19. b3 cxb3 20. axb3 Rbb8 21. Ne1 Bb6 22. Qe4 Rd7 23. Rd2 Rbd8 24. Nf3 Rd5 25. Bf1 Qd7 26. Rcd1 Qe7 $2 (26... Nc6 $19 27. Kg2 Nxd4 28. Nxd4 Bxd4) 27. h4 $2 (27. Rc1 $11) 27... c6 (27... c5 $19 28. Be2 cxd4) 28. h5 (28. Rc1 $17 {was necessary.}) 28... a5 (28... c5 $19 29. Ne1 cxd4) 29. Be2 (29. Kg2 $17) 29... Ra8 (29... a4 $19 30. bxa4 bxa4) 30. Ne1 Qg5 (30... a4 $17 {aiming for ...a3.} 31. bxa4 bxa4) 31. Nc2 $15 Nxc2 32. Rxc2 Rad8 ({Black should play} 32... Rc8 $1 $17) 33. Rcd2 (33. Kg2 $11) 33... c5 ({Black should try} 33... Qe7 $17 {And now ...Qb4 would win.} 34. Kg2 Qb4) 34. Kg2 cxd4 ({Don't play} 34... Rxd4 35. Rxd4 Rxd4 36. Rxd4 cxd4 37. f4 $11) ({Better is} 34... Qf5 $15 35. Qxf5 exf5) 35. f4 $11 Qe7 36. Bd3 {[%emt 0:00:22] White wants to mate with Qh7+.} f5 37. exf6 Qxf6 $2 (37... gxf6 $11 38. Re2 (38. Qg6+ Qg7 $17) 38... e5) 38. Re1 $2 (38. Qh7+ $1 $18 Kf8 39. Re2) 38... Kf7 $2 (38... Rxh5 $2 39. Qh7+ Kf7 40. Rde2 $18) (38... Qf5 $1 $11) 39. Rc2 $2 (39. Qh7 $18) 39... Bc5 (39... Rxh5 $2 40. Rc6 Qf5 41. Qxe6+ Qxe6 42. Rcxe6 $18) 40. Rec1 {[%emt 0:00:58][%mdl 1024] White has strong compensation.} Bd6 41. Rc6 Qe7 $2 (41... Rxh5 $2 42. Rxd6 $1 Rxd6 43. Rc7+ Ke8 44. Qh7 $18) (41... Qf5 $14) 42. Qg6+ Kf8 43. Be4 {[%emt 0:00:00] Qh7 is the strong threat.} Rc5 44. R1xc5 Bxc5 45. Rxe6 ({Inferior is} 45. Qxe6 Qxe6 46. Rxe6 d3 $17) (45. Qh7 $1 $18 {Intending Bg6 and mate.} Ke8 46. Bd3) 45... Qf7 46. Rc6 Qxg6 47. hxg6 {[%emt 0:00:00][%mdl 4096] Endgame KRB-KRB} Be7 48. Bd3 a4 49. bxa4 bxa4 50. Ra6 {[%emt 0:00:00] Inhibits Ra8.} a3 51. Kf3 Bc5 52. Ra5 Re8 53. Bc4 (53. Rxc5 $5 Re3+ $8 54. Kg4 Rxd3 55. Rc8+ Ke7 56. Rc7+ Kd6 57. Rxg7 $11) 53... Re3+ 54. Kg4 (54. Kf2 $11 Bb6 55. Ra6) 54... Bb6 $1 $17 55. Ra6 Rc3 $1 56. Rxb6 $2 (56. Bf7 $17 {is more resistant.} Bd8 57. Re6) 56... Rxc4 {[%emt 0:00:03] KR-KR} 57. Ra6 Rc3 58. Kf5 (58. Ra8+ $142 Ke7 59. Ra7+ Kd6 60. f5) 58... Ke7 $2 (58... Rxg3 $19 {Hoping for ...h5.} 59. Ke4 h5) 59. Ke4 (59. Ra7+ $1 $11 Kd6 60. Ke4) 59... Rxg3 {[%emt 0:02:07] Threatens to win with ...h5.} (59... d3 $5 60. Ra7+ Ke6 61. Ra6+ Ke7 62. Ra7+ Kf6 63. Ra6+ Ke7 $17) 60. Kxd4 $2 (60. Ra7+ $15 Ke8 61. Kxd4) 60... h5 $19 {[%emt 0:00:08][%cal Bh6h5,Bh5h4][%mdl 32] Strongly threatening ...h4. Black is clearly winning.} 61. Ke5 {[%emt 0:01:30] [#]} h4 $1 62. Ra7+ {[%emt 0:00:46] [#]} Kd8 $1 63. Kd4 {[%emt 0:07:25] Both players deserved the win here.   Weighted Error Value: White=0.69/Black=0.45} 0-1

[Event "FIDE WSCC 65 2022"]
[Site "Assisi"]
[Date "2022.11.23"]
[Round "8.3"]
[White "Gaprindashvili, Nona"]
[Black "Jansa, Vlastimil"]
[Result "1/2-1/2"]
[ECO "A21"]
[WhiteElo "2268"]
[BlackElo "2390"]
[Annotator "TA"]
[PlyCount "51"]
[EventDate "2022.11.14"]
[EventType "swiss"]
[EventCountry "ITA"]
[SourceTitle "playchess.com"]
[Source "ChessBase"]
[SourceQuality "1"]
[TimeControl "40/5400+30:1800+30"]

1. d4 d6 2. c4 e5 3. Nc3 exd4 4. Qxd4 Nf6 5. b3 g6 6. Bb2 Bg7 7. g3 O-O {[%emt 0:00:47] A21: English Opening: 1...e5 2 Nc3.} 8. Bg2 Re8 9. Nh3 Nbd7 {[%emt 0:07:26][%cal Of6e4] [#] aiming for ...Ne4! The position is equal.} 10. Qd2 Nc5 11. Nf4 a5 12. Rd1 {[%emt 0:01:08] [#]} Bf5 $146 ({Predecessor:} 12... a4 13. b4 Ncd7 14. Ncd5 Nxd5 15. Nxd5 Ne5 16. Ne3 a3 17. Bc3 Ng4 18. Nd5 Bxc3 19. Nxc3 {½-½ (37) Odesskij,I (2445)-Tregubov,P (2520) St Petersburg 1996}) 13. O-O (13. Nb5 {looks sharper.} Nce4 14. Qc1 c6 15. Nd4) 13... Nfe4 14. Nxe4 (14. Bxe4 {simplifies} Bxe4 15. f3 Bc6 16. e4) 14... Bxe4 15. Bxg7 Kxg7 16. Qb2+ Kg8 17. Bxe4 Nxe4 18. Nd5 {[%emt 0:00:00] Prevents Qf6.} c6 (18... a4 {keeps more tension.} 19. f3 c6 20. Nf4 Nc5) 19. Nf4 Qe7 20. f3 Nf6 21. e4 Qe5 22. Rf2 a4 23. b4 a3 (23... g5 $11 {keeps the balance.} 24. Qxe5 dxe5) 24. Qxe5 (24. Qd2 $16) 24... dxe5 $11 25. Nd3 Nd7 26. Rfd2 {[%emt 0:00:30] Weighted Error Value: White=0.14 (very precise) /Black=0.19 (very precise)} 1/2-1/2

[Event "FIDE WSCC 65 2022"]
[Site "Assisi"]
[Date "2022.11.23"]
[Round "8.4"]
[White "Bergstrom, Rolf"]
[Black "Fernandez Garcia, Jose Luis"]
[Result "0-1"]
[ECO "C47"]
[WhiteElo "2166"]
[BlackElo "2358"]
[Annotator "TA"]
[PlyCount "78"]
[EventDate "2022.11.14"]
[EventType "swiss"]
[EventCountry "ITA"]
[SourceTitle "playchess.com"]
[Source "ChessBase"]
[SourceQuality "1"]
[TimeControl "40/5400+30:1800+30"]

1. e4 e5 2. Nf3 Nc6 3. Nc3 Nf6 4. h3 d5 5. exd5 Nxd5 6. Bb5 {[%emt 0:00:14] C47: Scotch Four Knights and Four Knights with 4 g3.} Nxc3 $1 7. bxc3 ({Reject} 7. dxc3 Qxd1+ 8. Kxd1 f6 $15) 7... Bd6 8. O-O {[%emt 0:00:16] The position is equal.} O-O 9. d4 exd4 10. cxd4 h6 11. c4 Qf6 12. Be3 {[%emt 0:00:38] [#]} Rd8 $146 ({Predecessor:} 12... a6 13. Bxc6 bxc6 14. c5 Be7 15. Ne5 Rd8 16. Qa4 Bxc5 17. Qxc6 Bxd4 18. Bxd4 Qxc6 19. Nxc6 {½-½ (61) Korchmar,V (2450)-Paravyan,D (2617) Chess.com INT 2022}) 13. Ba4 Bf5 14. Bc2 Ne7 15. Rb1 b6 16. Bxf5 Nxf5 17. Qc2 Re8 18. Rfe1 Re7 19. Qd3 Rd8 (19... Nxe3 {keeps more tension.} 20. Rxe3 Rxe3 21. Qxe3 Qf5) 20. Kh1 {[%emt 0:10:28] [#]} (20. g4 $11 Nh4 21. Nxh4 Qxh4 22. Kg2) 20... Bc5 $1 $17 {[%emt 0:03:07][%mdl 512] Black is more active.} 21. Rbd1 {[%emt 0:03:57] [#]} Nxd4 $1 22. Nxd4 (22. Bxd4 Rxe1+) 22... Bxd4 23. Bxd4 {[%emt 0:00:08] [#]} Rxe1+ (23... Rxd4 $1 $19 24. Qc2 Rxe1+ 25. Rxe1 Qc6) 24. Rxe1 {[%emt 0:00:10][%cal Oe1e8] Strongly threatening Re8+!} Qd6 (24... Qxd4 $2 25. Re8+ $3 Rxe8 26. Qxd4 $18) 25. Qc3 Qxd4 {[%emt 0:00:37][%mdl 4096] Endgame KQR-KQR} 26. Re8+ Kh7 $1 27. Qc2+ g6 28. Rxd8 Qxd8 {[%emt 0:00:33] KQ-KQ} 29. c5 {[%emt 0:01:29] [#] This costs White the game.} (29. g3 $17) 29... bxc5 $1 $19 30. Qxc5 $2 (30. Qa4) 30... Qd1+ {[%emt 0:00:17] Black is clearly winning.} 31. Kh2 {[%emt 0:00:05] [#]} Qd6+ $1 32. Qxd6 cxd6 {[%emt 0:00:00][%cal Bc7d6,Bd6d5][%mdl 32] KP-KP} 33. Kg3 Kg7 34. Kf4 Kf6 35. Ke4 Ke6 36. f4 d5+ 37. Kd4 Kd6 38. g4 g5 39. f5 f6 {[%emt 0:00:14] Weighted Error Value: White=0.77/Black=0.04 (flawless)} 0-1

[Event "FIDE WSCC 65 2022"]
[Site "Assisi"]
[Date "2022.11.23"]
[Round "8.5"]
[White "Madebrink, Lars"]
[Black "Legky, Nikolay A"]
[Result "0-1"]
[ECO "E67"]
[WhiteElo "2084"]
[BlackElo "2350"]
[Annotator "TA"]
[PlyCount "70"]
[EventDate "2022.11.14"]
[EventType "swiss"]
[EventCountry "ITA"]
[SourceTitle "playchess.com"]
[Source "ChessBase"]
[SourceQuality "1"]
[TimeControl "40/5400+30:1800+30"]

1. d4 Nf6 2. c4 g6 3. Nc3 Bg7 4. g3 O-O 5. Bg2 d6 6. Nf3 Nbd7 7. O-O e5 8. h3 Re8 9. e4 b6 {[%emt 0:02:34] E67: King's Indian: Fianchetto: 6...Nbd7.} 10. d5 Nc5 11. Qc2 a5 {[%emt 0:00:05] The position is equal.} 12. Be3 Rf8 13. Ne1 {[%emt 0:20:44] [#]} Nh5 $146 ({Predecessor:} 13... Ne8 14. Nd3 f5 15. Nxc5 bxc5 16. f4 exf4 17. Bxf4 fxe4 18. Nxe4 Bf5 19. g4 Bxe4 20. Qxe4 {1-0 (43) Voit,D (2294)-Gedvilaite,M (1985) Istanbul 2012}) 14. Kh2 f5 15. exf5 gxf5 16. f4 (16. Nd3 $11 {keeps the balance.}) 16... Kh8 (16... exf4 $17 17. gxf4 Re8) 17. Bf3 $11 Qe8 18. Qe2 (18. Ng2 {keeps more tension.} Qg6 19. Bxh5 Qxh5 20. Nb5) 18... exf4 (18... Nf6 $15) 19. gxf4 (19. Bxh5 Qxe3 20. Rxf4 Qxe2+ 21. Bxe2 a4 $17) (19. Bxc5 $2 Nxg3 20. Qxe8 Nxf1+ 21. Kg1 Rxe8 $19) 19... Nf6 (19... Bxc3 $2 20. Bxh5 $18) 20. Rg1 {[%emt 0:07:26] Inhibits Qg6.} Bd7 (20... Qf7 $11 {is superior.}) 21. Nc2 ({Not} 21. Qg2 $2 Ng4+ 22. hxg4 Qxe3 $19) (21. Qf2 $1 $14) 21... Qe7 22. Nd4 (22. Rg5 $14 {stays ahead.}) 22... Rae8 (22... Ng4+ {looks sharper.} 23. hxg4 Qh4+ 24. Kg2 fxg4 25. Rh1 gxf3+ 26. Qxf3 Qe7) 23. Rae1 $2 {[%emt 0:00:12] [#]} (23. Ne6 $17 {was worth a try.} Nxe6 24. dxe6 Bxe6 25. Rae1) 23... Ng4+ $1 $19 24. Bxg4 {[%emt 0:05:30] [#]} (24. hxg4 $142 Qh4+ 25. Kg2 fxg4 26. Rh1 gxf3+ 27. Qxf3) 24... fxg4 $2 (24... Qxe3 $1 $19 25. Qxe3 Rxe3 26. Nxf5 (26. Rxe3 $2 {too greedy.} Bxd4 27. Rf3 Bxg1+ 28. Kxg1 fxg4 $19) 26... Rxe1 27. Rxe1 Bxc3 28. bxc3 Bxf5 29. Bxf5 Rxf5) 25. Ne6 $17 Nxe6 26. dxe6 Bxe6 $40 {[%emt 0:18:28][%mdl 128] Black wants a kill.} 27. Nd5 $2 (27. Qf2 $17 {was necessary.}) 27... Bxd5 $19 ({Worse is} 27... Qh4 28. Qg2 Bxd5 29. cxd5 $17) 28. cxd5 {[%emt 0:00:05] [#]} Rxf4 29. Rxg4 (29. Bxf4 Qxe2+) 29... Re4 30. Qg2 $2 (30. Rxe4 Qxe4 31. Qg2) 30... Rxe3 {[%emt 0:05:43] Black is clearly winning.} 31. Rxe3 Qxe3 32. Rxg7 Qf4+ 33. Rg3 Re3 34. b3 Qe5 35. h4 Re2 {[%emt 0:00:17] Weighted Error Value: White=0.68/Black=0.23 (precise)} 0-1

[Event "FIDE WSCC 65 2022"]
[Site "Assisi"]
[Date "2022.11.23"]
[Round "8.6"]
[White "Hebert, Jean"]
[Black "Maryasin, Boris"]
[Result "1/2-1/2"]
[ECO "E33"]
[WhiteElo "2333"]
[BlackElo "2258"]
[Annotator "TA"]
[PlyCount "86"]
[EventDate "2022.11.14"]
[EventType "swiss"]
[EventCountry "ITA"]
[SourceTitle "playchess.com"]
[Source "ChessBase"]
[SourceQuality "1"]
[TimeControl "40/5400+30:1800+30"]

1. d4 Nf6 2. c4 e6 3. Nc3 Bb4 4. Qc2 Nc6 5. Nf3 d6 6. a3 Bxc3+ 7. Qxc3 Qe7 8. g3 {[%emt 0:01:13] E33: Nimzo-Indian: Classical: 4...Nc6.} e5 9. dxe5 dxe5 10. Bg2 a5 {[%emt 0:02:40] Prevents b4.} 11. b3 O-O 12. O-O Re8 13. Bb2 Bf5 14. Nh4 {[%emt 0:07:37] [#]} (14. b4 $5 ) 14... Bg4 $146 ({Predecessor:} 14... Bd7 15. Nf3 Bg4 16. Qe3 h6 17. Rad1 Qe6 18. Nd2 Bh3 19. Ne4 Bxg2 20. Nxf6+ Qxf6 21. Kxg2 {0-1 (50) Kalenik,R (2229)-Korobov,A (2511) Alushta 2002}) 15. Rfe1 Nd4 16. f3 ({Much weaker is} 16. Bxb7 Rab8 17. Bg2 Nxe2+ 18. Rxe2 Bxe2 $17) 16... Bd7 17. e3 Nc6 {[%emt 0:01:47] ...g5 is the strong threat.} 18. e4 Nd4 19. Qd3 c5 20. Bxd4 cxd4 21. f4 {[%emt 0:04:42] [#]} ({Better is} 21. Qd2 $15) 21... exf4 $1 $17 22. gxf4 Nxe4 23. Nf3 f5 24. Qxd4 Bc6 {[%emt 0:01:28] Prevents c5.} 25. Ne5 Rad8 26. Qe3 Rd6 (26... h6 {looks sharper.} 27. Bf3 Qh4 28. Rad1 Rxd1 29. Rxd1 g5) 27. b4 $1 g5 {[%emt 0:06:00] Hoping for ...gxf4.} 28. Nf3 (28. Nxc6 $11 {remains equal.} Rxc6 29. bxa5) 28... Re6 (28... gxf4 $17 29. Qxf4 Rg6) 29. Nd4 $11 {[%emt 0:01:01] The position is equal.} Rg6 {[%emt 0:01:59] White must now prevent ...gxf4.} (29... gxf4 {feels hotter.} 30. Qxf4 Rg6 31. Nxc6 Qg7) 30. Nxc6 $1 (30. bxa5 $2 {is the wrong capture.} gxf4 31. Qxf4 Qg7 32. Nxc6 Rxg2+ 33. Kh1 Rf2 $19) (30. Nxf5 $2 {loses.} Qf6 $19) 30... bxc6 31. fxg5 axb4 32. axb4 Qxb4 33. h4 Qxc4 34. Rac1 {[%emt 0:00:36] Prevents h6.} Qb4 35. Qf4 {[%emt 0:00:55] Against h6} Qd4+ 36. Kh2 Qd6 37. Rf1 (37. Qxd6 {simplifies} Rxd6 38. Rc5 Nxc5 39. Rxe8+ Kg7 40. Re5) 37... Rf8 38. Rce1 c5 (38... Nd2 $5 39. Rf2 $8 h6 $11) 39. Bxe4 {[%emt 0:01:10][%mdl 64] [#] Remove Defender} fxe4 40. Qxd6 Rxd6 41. Rxf8+ Kxf8 42. Rxe4 Rc6 43. Rc4 Rd6 {[%emt 0:28:00] Weighted Error Value: White=0.11 (very precise) /Black=0.10 (very precise)} 1/2-1/2

[Event "FIDE WSCC 65 2022"]
[Site "Assisi"]
[Date "2022.11.23"]
[Round "8.7"]
[White "Vaisser, Anatoly"]
[Black "De Jong, Tom"]
[Result "1/2-1/2"]
[ECO "B14"]
[WhiteElo "2463"]
[BlackElo "2216"]
[Annotator "TA"]
[PlyCount "81"]
[EventDate "2022.11.14"]
[EventType "swiss"]
[EventCountry "ITA"]
[SourceTitle "playchess.com"]
[Source "ChessBase"]
[SourceQuality "1"]
[TimeControl "40/5400+30:1800+30"]

1. d4 d5 2. c4 e6 3. Nc3 c5 4. e3 cxd4 5. exd4 Nf6 6. Nf3 Bb4 {[%emt 0:00:23] The main line 6...Bb4 scores better than 6...Be7.} 7. c5 {[%emt 0:06:56] B14: Caro-Kann: Panov-Botvinnik Attack with 5...e6 and 5...g6.} O-O 8. Bd3 b6 9. cxb6 $1 axb6 10. O-O Ba6 {[%emt 0:00:16] [#]} ({Better is} 10... Bxc3 $1 $15 11. bxc3 Ba6) 11. Nb5 $146 ({Predecessor:} 11. Ne5 Bxd3 12. Qxd3 Bxc3 13. bxc3 Qc7 14. Bf4 Rc8 15. Rfc1 Nc6 16. Qh3 Nxe5 17. Bxe5 {1-0 (32) Harshavardhan,G (2397)-Palchuk,A (2149) Chess.com INT 2020}) 11... Ne4 12. Bf4 f6 (12... Bd6 $14 13. Nxd6 Nxd6) 13. Rc1 ({Only move:} 13. Nc7 $1 $16 g5 14. Nxe6 (14. Nxa8 gxf4 15. Rc1 Rf7 $16)) 13... g5 (13... Bxb5 $1 $11 {keeps the balance.} 14. Bxb5 Bd6 15. Bxd6 Nxd6) 14. Bxb8 ({White should try} 14. Nc7 $1 $16) 14... Rxb8 15. Nc7 Bxd3 16. Qxd3 Qe7 17. Na6 {[%emt 0:14:21] Prevents g4.} Rb7 {[%emt 0:04:54] Against Rc7} 18. Qb5 (18. Nxb4 $11 {remains equal.} Qxb4 19. a3) 18... Bd6 $36 {[%emt 0:10:15][%mdl 2048] Black fights for an advantage.} 19. Rc2 $1 Ra8 20. Rfc1 $2 {[%emt 0:02:16] [#]} (20. a3 $1 $15) 20... Qd7 $2 (20... Rba7 $1 $19 21. Rc8+ Rxc8 22. Rxc8+ Kg7) 21. Qxd7 $15 Rxd7 22. Rc8+ Rd8 (22... Rxc8 $15 23. Rxc8+ Kf7) 23. Rxd8+ $11 Rxd8 24. b4 (24. Rc6 $11) 24... e5 25. h3 h5 26. g4 hxg4 27. hxg4 exd4 28. Nxd4 Ra8 29. b5 Bc5 30. Nf5 (30. Nxc5 {simplifies} Nxc5 31. Nf5 Kf7 32. Re1) 30... Bxf2+ (30... Nxf2 $2 31. Nxc5 Rxa2 32. Nd7 Nxg4 33. Nxb6 $18) (30... d4 {keeps more tension.} 31. Kg2 d3 32. f3 Ba3) 31. Kg2 Bc5 32. a4 {[%emt 0:00:43][%cal Oa4a5] a5! is the strong threat.} d4 {[%emt 0:00:17] Prevents a5.} 33. Rd1 {[%emt 0:02:18] Against d3} ({Not} 33. Re1 $2 {[#]} d3 $1 34. Nxc5 (34. Rxe4 $2 {is the wrong capture.} d2 $19) 34... Nxc5 $19) 33... Nc3 34. Rd2 (34. Ra1 $1 $11 {was preferrable.}) 34... Nxa4 $17 {[%emt 0:00:35] Strongly threatening ...Rd8.} 35. Nxd4 Nc3 {[%emt 0:00:55] White must now prevent ...Rd8.} 36. Nxc5 {[%emt 0:01:16] Black is slightly better.} bxc5 37. Ne6 {[%emt 0:00:26] aiming for b6.} Nxb5 {[%emt 0:00:16] Threatens to win with ...c4.} 38. Nxc5 Rc8 39. Ne4 Rc6 40. Nxf6+ Rxf6 41. Rd5 {[%emt 0:30:07][%csl LRb5,LRg5] Weighted Error Value: White=0.32/Black=0.30} 1/2-1/2

[Event "FIDE WSCC 65 2022"]
[Site "Assisi"]
[Date "2022.11.23"]
[Round "8.8"]
[White "Birnboim, Nathan"]
[Black "Jurek, Josef"]
[Result "1-0"]
[ECO "E08"]
[WhiteElo "2361"]
[BlackElo "2211"]
[Annotator "TA"]
[PlyCount "161"]
[EventDate "2022.11.14"]
[EventType "swiss"]
[EventCountry "ITA"]
[SourceTitle "playchess.com"]
[Source "ChessBase"]
[SourceQuality "1"]
[TimeControl "40/5400+30:1800+30"]

1. d4 Nf6 2. c4 e6 3. g3 d5 4. Nf3 Be7 5. Bg2 O-O 6. O-O Nbd7 7. Qc2 c6 8. b3 b6 9. Rd1 Bb7 10. Nc3 Ba6 {[%emt 0:05:54] E08: Closed Catalan: Main Line: 7 Qc2.} 11. Nd2 b5 12. e4 dxc4 {[%emt 0:01:53] The position is equal.} 13. bxc4 bxc4 14. Nf1 {[%emt 0:08:45] [#]} Qa5 $146 ({Predecessor:} 14... Rb8 15. Ne3 Qa5 16. Bd2 Qa3 17. Bc1 Qa5 18. Bd2 Qa3 19. Bc1 Qa5 {½-½ (19) Postny,E (2582)-Santos Latasa,J (2608) Europe Echecs INT 2021}) 15. Ne3 Rfd8 16. h3 Rab8 17. Bd2 Qa3 18. Rab1 {[%emt 0:17:28] Inhibits Rb2.} Bf8 19. Bf1 (19. Bc1 $5 Qa5 20. Bd2 $11) 19... Nb6 20. Bc1 Qa5 21. Bb2 Bb5 (21... Rb7 $15) 22. Ba1 Ba6 23. Bg2 h6 24. Kh2 Ba3 (24... Rb7 $15) 25. f4 (25. d5 $11) 25... Nbd7 $2 (25... Bb4 $15 {keeps the upper hand.}) 26. Ne2 (26. e5 $1 $16) 26... Bb5 {[%emt 0:02:55] White must now prevent ...Ba4.} 27. Nxc4 Qa6 28. Nxa3 Bxe2 29. Re1 Bd3 $36 {[%emt 0:02:36][%mdl 2048] White is under pressure.} 30. Rxb8 Rxb8 31. Qc1 Qa4 32. Re3 {[%emt 0:00:43] Prevents c5.} Ba6 33. Rc3 (33. Qc3 {with more complications.} c5 34. e5 cxd4 35. Qxd4 Rb4 36. Qxa7 Nd5 37. Bxd5 exd5 38. e6) 33... Rb6 34. g4 Qxd4 35. Rg3 $2 {[%emt 0:03:30] Against e5} (35. Rc4 $11 {and White has nothing to worry.} Qf2 36. Bd4) 35... Qa4 ({Black should play} 35... Qf2 $19 36. Rf3 Qxa2) 36. Re3 Rb4 37. Bc3 Rb8 38. Bf3 c5 39. Bd1 Qc6 40. Bf3 Qc7 41. Re1 Bd3 42. h4 (42. Qe3 $17 {was worth a try.} Ba6 43. h4) 42... Ne8 43. e5 c4 44. Nc2 Nc5 (44... Qc5 {looks sharper.} 45. Kg3 Nc7 46. Rd1 Nd5) 45. Nb4 Bh7 (45... h5 $17 46. gxh5 Bf5) 46. Qe3 $1 $15 Rb6 {[%emt 0:02:09] Inhibits Nc6. Hoping for ...a5.} 47. Bd4 {[%emt 0:00:00] Inhibits a5.} (47. Rc1 $15) 47... Rxb4 $19 48. Bxc5 Rb2+ 49. Re2 Rxe2+ 50. Bxe2 {[%emt 0:00:00] This pair of bishops is nice.} Bd3 51. Bf3 (51. Bd1 $142) 51... Qd8 (51... c3 $1 $19 52. Qd4 Qa5) 52. Kg3 $17 a6 (52... c3 $17 {aiming for ...c2.} 53. Qd4 Qxd4 54. Bxd4 c2) 53. Bc6 (53. Bb4 $15) 53... Qc8 54. Bf3 Nc7 (54... c3 {is more complex.} 55. Ba3 Qc4 56. Qc5 Nc7) 55. Ba3 ({Better is} 55. h5) 55... Nb5 $1 56. Bb4 Qd8 (56... Qd7 $17 {[%cal Oh6h5] ...h5! is the strong threat.} 57. Qc5 Nd4) 57. Qc5 $1 $15 {[%emt 0:01:00] Inhibits h5.} Nd4 $2 (57... Qd4 $15 58. Qxd4 Nxd4) 58. Qd6 $18 Qe8 59. Qxd4 Qa4 60. Qb2 Qb5 61. Bc3 {[%emt 0:01:54] And now Qxb5 would win.} Qc5 62. Qf2 {[%emt 0:00:17] Prevents h5.} Qa3 63. Qd2 Qc5 64. Kg2 Qe7 65. h5 Qh4 66. a3 Qe7 67. Bb4 Qd7 68. Qe3 Qa4 69. Kf2 a5 70. Bd6 Qc2+ 71. Be2 (71. Kg3 $18 {is the precise move to win.}) 71... Qb2 {[%emt 0:00:50] Prevents f5.} 72. Bc5 Qc2 (72... Qa2 $142 73. Bd4 Qxa3) 73. Bb6 Qb2 {[%emt 0:00:29] [#]} 74. Bd4 $1 (74. Bxa5 Bxe2 75. Qxe2 c3 $11) 74... Qxa3 75. Bxd3 cxd3 {[%emt 0:00:13] [#]} 76. Qd2 $1 {[%emt 0:00:11] Against Qa2} a4 77. Ke3 Qe7 {[%emt 0:00:52] Prevents g5.} 78. Kxd3 Qh4 $2 (78... Qb7 $16 {was necessary.}) 79. Qg2 Qe1 $2 (79... a3 80. f5 (80. Qa8+ Kh7 $18) 80... Qe1 81. Qa8+ Kh7 82. fxe6 (82. Qxa3 Qg3+ 83. Be3 Qxg4 $14) 82... Qd1+ 83. Kc4 Qc2+ 84. Kb4 fxe6 85. Qxa3 Qe4) 80. Qa8+ Kh7 81. Qe4+ {[%emt 0:00:09] What a bad dream for Black.   Weighted Error Value: White=0.29 (precise) /Black=0.38} ({Not} 81. Qxa4 Qf1+ 82. Kc3 Qh3+ 83. Kb2 Qxg4 $16) 1-0